 Dungeon Crawl Stone Soup version 0.28-a0-957-g42eb19b (webtiles) character file.

Game seed: 6516321719848478425

75012 Dorkslayer the Eclecticist (level 15, -2/111 HPs)
             Began as a Djinni Fire Elementalist on Nov 30, 2021.
             Was an Initiate of Gozag.
             Slain by a shock serpent (14 damage)
             ... on level 1 of the Snake Pit.
             The game lasted 02:14:28 (16789 turns).

Dorkslayer the Eclecticist (DjFE)                  Turns: 16789, Time: 02:14:30

Health: -2/111     AC: 12    Str:  7      XL:     15   Next: 96%
Gold:   1565       EV: 20    Int: 23 (24) God:    Gozag SH: 14 Dex: 18 (19)

rFire   + + +      SeeInvis +   p - +6 rapier (flame)
rCold   x . .      Faith    .   a - +2 kite shield {reflect}
rNeg    + . .      Spirit   .   L - +2 robe {Will+}
rPois   ∞          Reflect  +   i - +2 helmet {SInv}
rElec   .          Harm     .   y - +2 cloak {Stlth+}
rCorr   .          Rampage  .   u - +2 pair of gloves
Will    ++...                   (boots unavailable)
Stlth   ++++......              v - amulet of Vitality {Regen+ HP+15}
HPRegen 1.88/turn               b - ring of Liberty {rF+ rN+ Dex+3}
MPRegen 0.00/turn               s - +4 ring of evasion

@: flying
A: sickness immunity, fire resistance 2, cold vulnerability 1, float, innate
caster, hp casting, extra vitality 1, clever 1, deformed body, deterioration 1,
regeneration 1, no potion heal 1
a: Renounce Religion, Potion Petition, Call Merchant, Bribe Branch


You were on level 1 of the Snake Pit.
You worshipped Gozag.
Gozag was most pleased with you.
You visited 5 branches of the dungeon, and saw 20 of its levels.

You collected 7135 gold pieces.
You spent 3182 gold pieces at shops.
You paid 2388 gold pieces to Gozag.

Inventory:

Hand Weapons
 p - a +6 rapier of flaming (weapon)
Missiles
 d - 3 atropa-tipped darts
 l - 2 curare-tipped darts
 q - 2 throwing nets (quivered)
 K - 9 javelins
Armour
 a - a +2 kite shield of reflection (worn)
 i - a +2 helmet of see invisible (worn)
 u - a +2 pair of gloves (worn)
 y - a +2 cloak of stealth (worn)
 L - a +2 robe of willpower (worn)
Jewellery
 b - the ring of Liberty (left hand) {rF+ rN+ Dex+3}
   (You acquired it on level 6 of the Lair of Beasts)

   [ring of positive energy]

   Dex:       It affects your dexterity (+3).
   rF:        It protects you from fire.
   rN:        It protects you from negative energy.
 s - a +4 ring of evasion (right hand)
 v - the amulet of Vitality (around neck) {Regen+ HP+15}
   (You found it on level 4 of the Dungeon)

   [amulet of regeneration]

   HP:        It affects your health (+15).
   Regen:     It increases your rate of health regeneration.
Wands
 e - a wand of polymorph (6)
 n - a wand of flame (48)
 H - a wand of iceblast (20)
Scrolls
 h - 2 scrolls of brand weapon
 t - 4 scrolls of identify
 w - 6 scrolls of teleportation
 z - 4 scrolls of fog
 A - 2 scrolls of blinking
 C - 7 scrolls of fear
Potions
 c - a potion of invisibility
 f - 10 potions of curing
 j - a potion of might
 m - 3 potions of ambrosia
 o - 2 potions of attraction
 r - a potion of cancellation
 B - a potion of lignification
 J - a potion of brilliance
Miscellaneous
 k - a phantom mirror
 x - a box of beasts (inert)


   Skills:
 + Level 5.1 Fighting
 + Level 6.6 Short Blades
 + Level 1.0 Axes
 - Level 0.4 Throwing
 + Level 9.1 Dodging
 + Level 4.8 Stealth
 * Level 9.2 Shields
 + Level 15.6 Spellcasting
 * Level 9.7 Evocations


You had 8 spell levels left.
You knew the following spells:

 Your Spells              Type           Power      Damage    Failure   Level
a - Foxfire               Conj/Fire      100%       2x1d9     0%          1
b - Scorch                Fire           100%       2d10      0%          2
c - Conjure Flame         Conj/Fire      74%        6-21      1%          3
d - Inner Flame           Hex/Fire       74%        N/A       1%          3
e - Flame Wave            Conj/Fire      74%        2d11      1%          4
f - Apportation           Tloc           100%       N/A       0%          1
g - Corpse Rot            Necr/Air       100%       N/A       0%          2
h - Call Imp              Summ           74%        N/A       0%          2
i - Swiftness             Air            74%        N/A       1%          3
j - Yara's Violent Unrav  Hex/Tmut       37%        3d15      1%          5
k - Borgnjor's Vile Clut  Necr/Erth      37%        N/A       1%          5
l - Starburst             Conj/Fire      37%        6d11      1%          6
Your spell library was empty.

Dungeon Overview and Level Annotations

Branches:
Dungeon (10/15)            Temple (1/1) D:6            Lair (6/6) D:8
  Swamp (0/4) Lair:2        Snake (1/4) Lair:4        Slime (0/5) Lair:6
    Orc (2/2) D:9             Elf (0/3) Orc:2

Altars:
Ashenzari
Cheibriados
Dithmenos
Elyvilon
Gozag
Hepliaklqana
Kikubaaqudgha
Makhleb
Nemelex Xobeh
Okawaru
Qazlal
Sif Muna
Xom
Yredelemnul
Zin
The Shining One
Beogh

Shops:
D:1 :   D:4 [   D:10 !   Orc:2 *[[[   Lair:4 *   Snake:1 *

Portals:
Hell: Lair:6


Innate Abilities, Weirdness & Mutations

You are immune to sickness and miasma.
You are immune to poison.
Your flesh is very heat resistant. (rF++)
You are vulnerable to cold. (rC-)
You float through the air rather than walking.
You learn spells naturally, not from books.
Your magical power is your life essence.
You have superior vitality. (+4 HP)
Your mind is acute. (Int +2)
Armour fits poorly on your strangely shaped body.
Your body sometimes deteriorates upon taking damage.
Your natural rate of healing is unusually fast.
Potions are less effective at restoring your health.


Message History

The bolt of electricity misses you. The naga spits poison at you.
The splash of poison misses you.
Casting: Scorch (safe; 0% risk of failure)
Confirm with . or Enter, or press ? or * to list all spells.
Casting: Flame Wave (safe; 1% risk of failure)
Press: ? - help, Dir - look around, f - activate A wave of flame ripples out! (Press . to intensify the flame waves.)
The black mamba hisses angrily.
The shock serpent shoots out a bolt of lightning at you!
The bolt of electricity hits you!!
* * * LOW HITPOINT WARNING * * *
Your body deteriorates!
You feel dopey.
A naga comes into view. It is wielding a +0 dire flail.
The black mamba barely misses you.
A naga comes into view. It is wielding a +2 vorpal halberd.
Casting: Flame Wave (safe; 1% risk of failure)
Confirm with . or Enter, or press ? or * to list all spells.
Okay, then.
A wave of flame ripples out!
The flame wave engulfs the shock serpent!
The shock serpent is burned terribly!
The shock serpent is almost dead.
The flame wave engulfs the black mamba!
The black mamba is heavily wounded.
The flame wave engulfs the salamander.
The salamander completely resists.
* * * LOW HITPOINT WARNING * * *
The shock serpent's electric aura discharges, shocking you!
* * * LOW HITPOINT WARNING * * *
The black mamba closely misses you. You block the shock serpent's attack.
The black mamba bites you!
* * * LOW HITPOINT WARNING * * *
Your system partially rejects the healing.
You feel better. You block the black mamba's attack.
The shock serpent completely misses you.
You block the salamander's attack. You block the black mamba's attack.
The shock serpent bites you!
You die...
Your body crumbles into a pile of gold.

...###### ........#
........# ###########
........# #.........#
........###.>.......#
...............("...#
........<.......∩...#
...###+#######.)#####
......S@....#..#
.....NNS.##.#.##
#.....S.##.....##
###'#...#.#...#.#
.....###.#...#.#
...... #.#.8(#.#
..N... #[#...#.#
..... #.#...#.#
##.#...##


You could see a salamander, a shock serpent (combustible), 2 black mambas and 2
nagas.

Vanquished Creatures
  Donald (Orc:2)
  Aizul (Snake:1)
  Harold (Lair:1)
  Fannar (Lair:2)
  2 catoblepae
  The ghost of Emoalaja the Carver, a journeyman HuBe of Trog (Lair:1)
  14 hydras
  11 death yaks
  An alligator (Lair:5)
  2 two-headed ogres (D:8)
  A shock serpent (Snake:1)
  A sun demon (Lair:6)
  An orc high priest (Orc:2)
  Nergalle (D:10)
  Sonja (Orc:1)
  A bog body (Lair:2)
  A wizard (Lair:6)
  2 cyclopes
  A salamander (Snake:1)
  5 orc sorcerers (Orc:2)
  A manticore (D:10)
  6 elephants (Lair:6)
  13 cane toads
  6 black mambas
  4 torpor snails
  9 komodo dragons
  4 ice devils (Lair:6)
  8 rime drakes
  A hellwing (Lair:6)
  2 polar bears
  A troll (Orc:2)
  Prince Ribbit (D:5)
  A slime creature (Lair:6)
  21 blink frogs
  8 dream sheep
  A vampire (D:9)
  A wraith (D:10)
  67 yaks
  2 basilisks (Lair:6)
  2 steam dragons
  Menkaure (D:4)
  Edmund (D:6)
  4 swamp worms (Lair:2)
  2 wargs
  2 acid dragons
  A naga (Lair:4)
  3 hell hounds (Lair:6)
  24 water moccasins
  20 orc warriors
  2 ice beasts
  2 black bears
  8 ogres
  2 sky beasts
  A necrophage (D:4)
  A centaur (D:8)
  10 wolves
  3 phantoms
  13 bullfrogs
  3 scorpions
  6 killer bees
  9 wights
  2 electric eels
  A howler monkey (D:7)
  2 bullfrog zombies
  4 centaur zombies
  6 hounds
  3 jellies (Lair:6)
  18 orc priests
  Crazy Yiuf (D:5)
  3 bullfrog skeletons
  A centaur skeleton (D:7)
  An iguana (D:5)
  A scorpion zombie (D:5)
  34 orc wizards
  5 hell rats (Lair:6)
  A hound skeleton (D:5)
  11 gnolls
  10 adders
  A shadow imp (D:5)
  A white imp (D:6)
  A worm (D:3)
  A dart slug (D:2)
  38 orcs
  9 bats
  6 endoplasms
  6 goblins
  8 hobgoblins
  7 kobolds
  6 quokkas
  8 ball pythons
  6 frilled lizards
  8 rats
537 creatures vanquished.

Vanquished Creatures (collateral kills)
  Gastronok (Lair:2)
  A boulder beetle (Lair:4)
  An orange demon (Lair:6)
  A red devil (Lair:6)
  5 foxfires
9 creatures vanquished.

Vanquished Creatures (others)
  1055 foxfires
  40 fungi
  76 plants
1171 creatures vanquished.

Grand Total: 1717 creatures vanquished

Notes
Turn   | Place    | Note
-------+----------+-------------------------------------------
     0 | D:1      | Dorkslayer the Djinni Fire Elementalist began the quest for
                  | the Orb.
     0 | D:1      | Reached XP level 1. HP: 15/15 MP: 0/0
    78 | D:1      | Reached XP level 2. HP: 16/21 MP: 0/0
   233 | D:1      | Found Demaleti's Book Shop.
   244 | D:1      | Reached skill level 3 in Spellcasting
   272 | D:1      | Reached XP level 3. HP: 15/25 MP: 0/0
   272 | D:1      | Learned a level 1 spell: Apportation
   904 | D:1      | Found a faded altar of an unknown god.
  1262 | D:2      | Reached XP level 4. HP: 27/31 MP: 0/0
  1279 | D:2      | Found a glowing silver altar of Zin.
  1879 | D:3      | Gained mutation: Armour fits poorly on your strangely
                  | shaped body. [potion of mutation]
  1879 | D:3      | Gained mutation: You have a pair of small horns on your
                  | head. [potion of mutation]
  1879 | D:3      | Gained mutation: You sometimes lose the ability to read
                  | scrolls when taking damage. [potion of mutation]
  1879 | D:3      | Gained mutation: You passively dampen the noise of your
                  | surroundings. [potion of mutation]
  1880 | D:3      | Lost mutation: You sometimes lose the ability to read
                  | scrolls when taking damage. [potion of mutation]
  1880 | D:3      | Lost mutation: You passively dampen the noise of your
                  | surroundings. [potion of mutation]
  1880 | D:3      | Lost mutation: You have a pair of small horns on your head.
                  | [potion of mutation]
  1880 | D:3      | Gained mutation: Your natural rate of healing is unusually
                  | fast. [potion of mutation]
  1880 | D:3      | Gained mutation: Your mind is acute. (Int +2) [potion of
                  | mutation]
  1966 | D:3      | Found a basalt altar of Yredelemnul.
  2099 | D:3      | Reached XP level 5. HP: 35/35 MP: 0/0
  2099 | D:3      | Learned a level 2 spell: Corpse Rot
  2321 | D:3      | Found a hazy altar of Hepliaklqana.
  2491 | D:4      | Noticed Menkaure
  2492 | D:4      | Noticed a necrophage
  2499 | D:4      | Killed a necrophage
  2500 | D:4      | Reached skill level 4 in Spellcasting
  2500 | D:4      | Reached XP level 6. HP: 36/40 MP: 0/0
  2505 | D:4      | Killed Menkaure
  2694 | D:4      | Reached XP level 7. HP: 46/46 MP: 0/0
  2694 | D:4      | Learned a level 2 spell: Call Imp
  2911 | D:4      | Found the amulet of Vitality {Regen+ HP+15}
  2951 | D:4      | Reached skill level 5 in Spellcasting
  3050 | D:4      | Reached skill level 1 in Short Blades
  3076 | D:4      | Reached skill level 1 in Fighting
  3154 | D:4      | Found Uwkehekk's Antique Armour Boutique.
  3250 | D:5      | Entered Level 5 of the Dungeon
  3274 | D:5      | Noticed a water moccasin
  3282 | D:5      | Killed a water moccasin
  3287 | D:5      | Reached XP level 8. HP: 52/52 MP: 0/0
  3477 | D:5      | Reached skill level 6 in Spellcasting
  3559 | D:5      | Noticed Prince Ribbit
  3564 | D:5      | Killed Prince Ribbit
  3699 | D:5      | Reached skill level 7 in Spellcasting
  3736 | D:5      | Reached XP level 9. HP: 58/58 MP: 0/0
  3736 | D:5      | Learned a level 3 spell: Swiftness
  4120 | D:5      | Identified the +11 whip of Floods {venom, rC- Str+3 Dex+3}
  4219 | D:5      | Found Pumejof's Antique Armour Emporium.
  4281 | D:5      | Found a runed translucent door.
  4282 | D:5      | Noticed Crazy Yiuf
  4288 | D:5      | Killed Crazy Yiuf
  4562 | D:6      | Reached skill level 8 in Spellcasting
  4716 | D:6      | Reached XP level 10. HP: 47/65 MP: 0/0
  4725 | D:6      | Reached skill level 5 in Dodging
  4784 | D:6      | Found a staircase to the Ecumenical Temple.
  4791 | Temple   | Entered the Ecumenical Temple
  4810 | Temple   | Became a worshipper of Gozag Ym Sagoz the Greedy
  5022 | D:6      | Noticed Edmund
  5037 | D:6      | Killed Edmund
  5091 | D:6      | Reached skill level 9 in Spellcasting
  5177 | D:7      | Reached skill level 1 in Evocations
  5359 | D:7      | Found a shadowy altar of Dithmenos.
  5423 | D:7      | Found a broken altar of Ashenzari.
  6323 | D:8      | Found a staircase to the Lair.
  6324 | D:8      | Noticed a komodo dragon
  6345 | D:8      | Noticed a two-headed ogre
  6355 | D:8      | Killed a two-headed ogre
  6372 | D:8      | Noticed a two-headed ogre
  6395 | D:8      | Killed a two-headed ogre
  6396 | D:8      | Reached skill level 10 in Spellcasting
  6580 | D:8      | Found an iron altar of Okawaru.
  6636 | D:8      | Reached XP level 11. HP: 70/70 MP: 0/0
  6636 | D:8      | Learned a level 5 spell: Yara's Violent Unravelling
  6701 | D:8      | Found a snail-covered altar of Cheibriados.
  6810 | D:9      | Found a glowing golden altar of the Shining One.
  6839 | D:9      | Identified a scroll of acquirement
  6840 | D:9      | Acquired 1314 gold pieces
  6958 | D:9      | Found a staircase to the Orcish Mines.
  7253 | D:9      | Found a white marble altar of Elyvilon.
  7299 | D:9      | Found a shimmering altar of Xom.
  7651 | D:10     | Entered Level 10 of the Dungeon
  7667 | D:10     | Noticed a manticore
  7676 | D:10     | Killed a manticore
  7677 | D:10     | Reached skill level 11 in Spellcasting
  8011 | D:10     | Noticed Nergalle
  8018 | D:10     | Gained mutation: Your body sometimes deteriorates upon
                  | taking damage. [you]
  8044 | D:10     | Gained mutation: Potions are less effective at restoring
                  | your health. [you]
  8099 | D:10     | Killed Nergalle
  8136 | D:10     | Bought a potion of haste for 150 gold pieces
  8136 | D:10     | Bought a potion of curing for 45 gold pieces
  8136 | D:10     | Bought 2 potions of heal wounds for 150 gold pieces
  8136 | D:10     | Bought a potion of curing for 45 gold pieces
  8136 | D:10     | Bought a potion of resistance for 150 gold pieces
  8136 | D:10     | Bought a potion of heal wounds for 75 gold pieces
  8136 | D:10     | Bought a potion of curing for 45 gold pieces
  8166 | D:10     | Found a stormy altar of Qazlal.
  8594 | D:10     | Found a sparkling altar of Nemelex Xobeh.
  8608 | D:10     | Found a glowing silver altar of Zin.
  8737 | Orc:1    | Entered Level 1 of the Orcish Mines
  8800 | Orc:1    | Noticed a cyclops
  8809 | Orc:1    | Killed a cyclops
  8941 | Orc:2    | Entered Level 2 of the Orcish Mines
  9060 | Orc:2    | Noticed an orc sorcerer
  9068 | Orc:2    | Killed an orc sorcerer
  9249 | Orc:2    | Noticed Donald
  9304 | Orc:2    | Killed Donald
  9305 | Orc:2    | Reached XP level 12. HP: 76/76 MP: 0/0
  9396 | Orc:2    | Found a staircase to the Elven Halls.
  9543 | Orc:2    | Reached skill level 1 in Shields
  9582 | Orc:2    | Reached skill level 12 in Spellcasting
  9651 | Orc:2    | Reached skill level 5 in Short Blades
  9737 | Orc:2    | Noticed a soul eater
  9811 | Orc:2    | Noticed an orc high priest
  9826 | Orc:2    | Noticed a soul eater
  9827 | Orc:2    | Killed an orc high priest
  9961 | Orc:2    | Noticed a sun demon
  9962 | Orc:2    | Gained mutation: You tend to lose your temper in combat.
                  | [you]
  9978 | Orc:2    | Found Pegiucaz's Armour Shop.
  9980 | Orc:2    | Found Pympuqint's Armour Shop.
  9983 | Orc:2    | Found Ydwod's General Store.
  9983 | Orc:2    | Found Akhluer's Antique Armour Boutique.
 10012 | Orc:2    | Bought a potion of curing for 36 gold pieces
 10014 | Orc:2    | Bought a +2 helmet of see invisible for 322 gold pieces
 10277 | Orc:1    | Noticed Sonja
 10305 | Orc:1    | Killed Sonja
 10663 | D:8      | Lost mutation: You tend to lose your temper in combat.
                  | [potion of mutation]
 10698 | Lair:1   | Entered Level 1 of the Lair of Beasts
 10700 | Lair:1   | Noticed a seven-headed hydra
 10709 | Lair:1   | Killed a seven-headed hydra
 10728 | Lair:1   | Noticed a seven-headed hydra
 10734 | Lair:1   | Killed a six-headed hydra
 10735 | Lair:1   | Reached skill level 5 in Evocations
 10773 | Lair:1   | Reached XP level 13. HP: 49/82 MP: 0/0
 10773 | Lair:1   | Learned a level 5 spell: Borgnjor's Vile Clutch
 10778 | Lair:1   | Reached skill level 13 in Spellcasting
 10884 | Lair:1   | Noticed a seven-headed hydra
 10896 | Lair:1   | Killed a six-headed hydra
 10988 | Lair:1   | Noticed Harold
 10996 | Lair:1   | Killed Harold
 11006 | Lair:1   | Reached skill level 1 in Axes
 11266 | Lair:1   | Found a transporter.
 11280 | Lair:1   | Reached skill level 5 in Shields
 11305 | Lair:1   | Noticed Emoalaja's ghost (journeyman HuBe)
 11309 | Lair:1   | Noticed a five-headed hydra
 11347 | Lair:1   | Found a transporter.
 11899 | Lair:1   | Killed a five-headed hydra
 11904 | Lair:1   | Killed Emoalaja's ghost
 11914 | Lair:1   | Identified the +4 scale mail of the Unbroken {Harm rElec}
 11973 | Lair:2   | Noticed Fannar
 11983 | Lair:2   | Killed Fannar
 12253 | Lair:2   | Noticed Gastronok
 12263 | Lair:2   | Killed Gastronok
 12264 | Lair:2   | Reached skill level 14 in Spellcasting
 12276 | Lair:2   | Reached XP level 14. HP: 67/89 MP: 0/0
 12309 | Lair:2   | Identified the +4 triple crossbow of Asusodyk {freeze,
                  | Contam rElec rC- Str+7}
 12610 | Lair:2   | Found a staircase to the Swamp.
 13378 | Lair:4   | Found a staircase to the Snake Pit.
 15154 | Lair:6   | Entered Level 6 of the Lair of Beasts
 15167 | Lair:6   | Reached XP level 15. HP: 94/94 MP: 0/0
 15167 | Lair:6   | Learned a level 6 spell: Starburst
 15177 | Lair:6   | Reached skill level 15 in Spellcasting
 15883 | Lair:6   | Acquired the ring of Liberty {rF+ rN+ Dex+3}
 15899 | Lair:6   | Found a staircase to the Slime Pits.
 15986 | Lair:6   | Identified the +3 ring mail "Enkecish" {-Cast rN+ Will+
                  | rCorr Slay+2}
 16190 | Lair:6   | Reached skill level 5 in Fighting
 16221 | Lair:6   | Found a burning altar of Makhleb.
 16243 | Lair:6   | Found a gateway to Hell.
 16681 | Snake:1  | Entered Level 1 of the Snake Pit
 16684 | Snake:1  | Found Muujuso's Assorted Antiques.
 16691 | Snake:1  | Noticed Aizul
 16710 | Snake:1  | Killed Aizul
 16747 | Snake:1  | Bought a scroll of blinking for 277 gold pieces
 16747 | Snake:1  | Bought a wand of iceblast (9) for 148 gold pieces
 16747 | Snake:1  | Bought a wand of polymorph (6) for 74 gold pieces
 16747 | Snake:1  | Bought a phantom mirror for 1480 gold pieces
 16747 | Snake:1  | Bought a lumpy diamond amulet for 185 gold pieces
 16788 | Snake:1  | HP: 5/111 [black mamba (9)]
 16789 | Snake:1  | Slain by a shock serpent

Illustrated notes

Levels and vault maps discovered:
D:1:      sevenhm_arrival_forest_fort_small_3, layout_loops_cross, serial_shops,
          nicolae_shop_waterfront, dilly_ecumenical_altar_fadedgnrine,
          fountainhead, lemuel_old_faithful
D:2:      layout_loops_cross, basic_altar, feat_on_display
D:3:      layout_rooms, worldfamousw_hep_ancestral_shrine,
          mainiacjoe_overflow_small_starburst
D:4:      layout_basic, serial_shops, nicolae_shop_window_shopping,
          nrook_campfire, uniq_menkaure
D:5:      layout_loops_ring, serial_co_window_serial, co_window_paths_a,
          co_window_corner_a, co_window_cross_1, co_window_corner_a,
          co_window_of_opportunity_a, co_window_corner_b, co_window_broadway_a,
          co_window_broadway_b, co_window_of_opportunity_b, co_window_paths_d,
          glass_columns_b, glass_columns_a, grunt_ministairs_13,
          nicolae_stop_n_shop_2, uniq_crazy_yiuf_cottage, uniq_prince_ribbit1
D:6:      layout_basic, minmay_temple_entry_tees, uniq_edmund
D:7:      layout_layer_cave, cheibrodos_ashenzari_chains,
          mainiacjoe_overflow_concentric_impassable
D:8:      layout_basic, okawaru_ov_weapons_minmay, lemuel_doored_altar,
          mainiacjoe_overflow_brackets, david_lair_shrubbed,
          nicolae_underground_beach
D:9:      layout_irregular_city, xom_teletrap_fun,
          mainiacjoe_overflow_six_doors_small, tso_altar, david_orc_1_choice,
          serial_column_ruins, column_ruins_hut, column_ruins_hut_ruined,
          column_ruins_grid_1, column_ruins_grid_1, column_ruins_open_tiny,
          column_ruins_grid_1, column_ruins_corridor_dead_end,
          column_ruins_grid_3, column_ruins_grid_4, kennysheep_nondescript
D:10:     layout_roguey, amethyst_overflow_temple_binary,
          grunt_qazlal_sundering, roderic_roman_lattice,
          kennysheep_generic_room_7, uniq_nergalle
Temple:   nicolae_temple_figure_zero
Lair:1:   layout_cave_pods, gammafunk_ghost_arena, beast_lair_carwin_7,
          uniq_harold
Lair:2:   layout_chaotic_city, nicolae_swamp_entry_splash_gauntlet,
          infiniplex_staircase_pool_2, lemuel_fruit_fields, uniq_gastronok,
          uniq_fannar
Lair:3:   wander_river, layout_chaotic_city
Lair:4:   layout_concentric_octagons, guppyfry_snake_entry_island
Lair:5:   nzn_winding_woodlands_three_and_one
          [nzn_winding_woodlands_5x15_river_crossing,
          nzn_winding_woodlands_5x15_pool,
          nzn_winding_woodlands_5x15_split_checker,
          nzn_winding_woodlands_center_garden], layout_loops_ring,
          serial_bayou_shore_a, lemuel_fruit_tree
Lair:6:   evil_forest, layout_regular_city, minmay_slime_entry_pillars
Snake:1:  layout_basic, serial_shops, shop, gammafunk_ghost_wrathful_warriors,
          grunt_megastairs_1, uniq_aizul
Orc:1:    layout_caves, mines1_david, uniq_sonja
Orc:2:    st_orc_mages, layout_diamond_mine, uniq_donald

Skill      XL: |  1  2  3  4  5  6  7  8  9 10 11 12 13 14 15 |
---------------+----------------------------------------------+-----
Spellcasting   | 3 4 5 7 8 10 11 12 14 15 | 15.6
Dodging        | 3 4 6 7 8 9 |  9.1
Stealth        | 2 3 4 |  4.8
Short Blades   | 1 2 3 4 5 6 |  6.6
Fighting       | 1 2 3 4 5 |  5.1
Evocations     | 1 3 5 7 8 9 |  9.7
Shields        | 3 5 7 9 |  9.2
Axes           | 1 |  1.0
Throwing       | |  0.4

Action                   |  1- 3 |  4- 6 |  7- 9 | 10-12 | 13-15 || total
-------------------------+-------+-------+-------+-------+-------++-------
Melee: Short sword       |     2 |    12 |       |       |       ||    14
       Rapier            |       |       |    54 |   140 |   264 ||   458
       War axe           |       |       |       |     1 |     8 ||     9
Throw: Dart              |       |     3 |     1 |       |       ||     4
       Throwing net      |       |       |       |       |     4 ||     4
 Cast: Foxfire           |    44 |    64 |    73 |   256 |   178 ||   615
       Conjure Flame     |       |     4 |     5 |       |       ||     9
       Scorch            |       |     9 |    55 |   207 |   295 ||   566
       Corpse Rot        |       |     1 |       |       |       ||     1
       Flame Wave        |       |       |     3 |    18 |    53 ||    74
       Inner Flame       |       |       |     2 |     8 |     4 ||    14
       Swiftness         |       |       |       |     3 |     3 ||     6
       Yara's Violent Un |       |       |       |     7 |       ||     7
       Starburst         |       |       |       |       |    11 ||    11
Invok: Call Merchant     |       |       |       |     1 |     1 ||     2
       Potion Petition   |       |       |       |       |     2 ||     2
Evoke: Wand              |       |       |     2 |    14 |    17 ||    33
       Box of beasts     |       |       |       |     1 |     2 ||     3
  Use: Scroll            |       |     7 |     9 |    13 |    13 ||    42
       Potion            |       |     3 |     2 |    14 |     8 ||    27
 Stab: Sleeping          |       |     1 |     1 |       |     1 ||     3
       Invisible         |       |       |       |     3 |       ||     3
       Distracted        |       |       |       |     1 |     6 ||     7
Armor: Robe              |     7 |    12 |    31 |    58 |    84 ||   192
Dodge: Dodged            |    11 |    39 |   109 |   198 |   339 ||   696
Block: Kite shield       |       |       |       |    35 |   323 ||   358
       Reflection        |       |       |       |       |     7 ||     7

Table legend: (Time is in decaauts)
 A = Elapsed time spent in this place.
 B = Non-inter-level travel time spent in this place.
 C = Inter-level travel time spent in this place.
 D = Time resting spent in this place.
 E = Time spent auto-exploring this place.
 F = Levels seen in this place.
 G = Mean time per level.
                   A        B        C        D        E       F      G
               +--------+--------+--------+--------+--------+-----+--------+
         Total |  16764 |  16764 |      0 |    975 |   3757 |  20 |  838.2 |
       Dungeon |   8809 |   8809 |      0 |    763 |   2313 |  10 |  880.9 |
        Temple |     38 |     38 |      0 |      0 |      0 |   1 |   38.0 |
          Lair |   5968 |   5968 |      0 |    132 |   1150 |   6 |  994.7 |
     Snake Pit |    107 |    107 |      0 |      0 |      0 |   1 |  107.0 |
  Orcish Mines |   1839 |   1839 |      0 |     80 |    294 |   2 |  919.5 |
               +--------+--------+--------+--------+--------+-----+--------+

Top non-repeatable levels by time:
  Lair:6: 1468 daAuts
   Orc:2: 1285 daAuts
  Lair:1: 1246 daAuts
     D:1: 1229 daAuts
     D:5: 1223 daAuts
     D:7: 1058 daAuts
    D:10: 1022 daAuts
     D:9: 991 daAuts
  Lair:4: 944 daAuts
  Lair:5: 930 daAuts
     D:4: 857 daAuts
  Lair:2: 791 daAuts
     D:2: 646 daAuts
     D:6: 639 daAuts
     D:8: 625 daAuts
